 Dungeon Crawl Stone Soup version 0.28.0 (webtiles) character file.

Game seed: 17905705867022443186

81216 Asparus the Destroyer (level 15, -5/120 HPs)
             Began as a Demonspawn Conjurer on Feb 14, 2022.
             Was the Champion of Cheibriados.
             Slain by a skeletal warrior (15 damage)
             ... led by a skeletal warrior
             ... on level 13 of the Dungeon.
             The game lasted 01:49:26 (39373 turns).

Asparus the Destroyer (Demonspawn Conjurer)        Turns: 39373, Time: 01:49:27

Health: -5/120     AC: 10    Str: 32    XL:     15   Next: 26%
Magic:  6/32       EV: 13    Int: 43    God:    Cheibriados [******]
Gold:   90         SH:  6    Dex: 34    Spells: 19/40 levels left

rFire   . . .      SeeInvis .   p - +4 trident "Qeth" {freeze, rElec Will+}
rCold   + . .      Faith    .   (no shield)
rNeg    + + .      Spirit   .   r - +0 acid dragon scales
rPois   +          Reflect  .   g - +2 hat
rElec   +          Harm     .   (cloak unavailable)
rCorr   +          Rampage  .   (no gloves)
Will    +....                   n - +0 pair of boots
Stlth   +++.......              W - amulet of magic regeneration
HPRegen 0.30/turn               U - ring "Woolyix" {rPois rF+ rN+ Will- Str+7}
MPRegen 0.63/turn               V - ring "Lunootapn" {Ice *Corrode rN+ Str+3 Dex+8}

@: invisible, very slow
A: large bone plates 2, demonic guardian 1, powered by death 2, weakness stinger
3
a: Renounce Religion, Bend Time, Temporal Distortion, Slouch, Step From Time


You were on level 13 of the Dungeon.
You worshipped Cheibriados.
Cheibriados was exalted by your worship.
You visited 4 branches of the dungeon, and saw 22 of its levels.
You also visited: Gauntlet.

You collected 2566 gold pieces.
You spent 2476 gold pieces at shops.

Inventory:

Hand Weapons
 o - a +2 hand axe of electrocution
 p - the +4 trident "Qeth" (weapon) {freeze, rElec Will+}
   (You found it on level 5 of the Lair of Beasts)

   It freezes those it strikes, dealing additional cold damage.
   It can also slow down cold-blooded creatures.
   rElec:     It insulates you from electricity.
   Will:      It increases your willpower.
 v - the +7 morningstar of Tilyna {flame, Stlth+}
   (You found it on level 6 of the Lair of Beasts)

   It burns those it strikes, dealing additional fire damage.
   Stlth:     It makes you more stealthy.
Missiles
 c - a curare-tipped dart
 A - 4 throwing nets
Armour
 g - a +2 hat (worn)
 n - a +0 pair of boots (worn)
 r - +0 acid dragon scales (worn)
 L - a +0 buckler of protection
 P - a +2 robe of positive energy
Jewellery
 s - a ring of poison resistance
 B - a ring of resist corrosion
 C - a +6 ring of strength
 E - an amulet of reflection
 K - a ring of protection from cold
 M - a ring of fire
 N - a ring of protection from cold
 U - the ring "Woolyix" (left hand) {rPois rF+ rN+ Will- Str+7}
   (You bought it in a shop on level 2 of the Orcish Mines)

   [ring of protection from fire]

   Str:       It affects your strength (+7).
   rF:        It protects you from fire.
   rPois:     It protects you from poison.
   rN:        It protects you from negative energy.
   Will:      It decreases your willpower.
 V - the ring "Lunootapn" (right hand) {Ice *Corrode rN+ Str+3 Dex+8}
   (You bought it in a shop on level 2 of the Orcish Mines)

   [ring of ice]

   It enhances your ice magic.
   Str:       It affects your strength (+3).
   Dex:       It affects your dexterity (+8).
   rF:        It makes you vulnerable to fire.
   rC:        It protects you from cold.
   rN:        It protects you from negative energy.
   *Corrode:  It may corrode you when you take damage.
 W - an amulet of magic regeneration (around neck)
Wands
 h - a wand of flame (79)
 k - a wand of polymorph (18)
 y - a wand of digging (4)
 I - a wand of charming (12)
 J - a wand of iceblast (3)
Scrolls
 m - 2 scrolls of teleportation
 u - 2 scrolls of enchant armour
 w - a scroll of brand weapon
 x - a scroll of holy word
 D - a scroll of silence
 F - a scroll of amnesia
 O - a scroll of enchant weapon
 R - a scroll of torment {unknown}
Potions
 a - 5 potions of mutation
 b - 2 potions of lignification
 d - a potion of attraction
 f - 8 potions of curing
 i - 2 potions of resistance
 j - a potion of brilliance
 l - 3 potions of haste
 q - 2 potions of flight
 z - a potion of magic
 H - a potion of ambrosia
 S - a potion of heal wounds
 T - a potion of might


   Skills:
 - Level 12.0 Fighting
 - Level 4.0 Polearms
 - Level 4.0 Armour
 - Level 2.0 Dodging
 - Level 2.0 Stealth
 + Level 4.3 Shields
 + Level 13.4 Spellcasting
 + Level 13.6 Conjurations
 - Level 6.0 Hexes
 - Level 10.0 Fire Magic
 + Level 3.5 Earth Magic
 - Level 6.0 Invocations


You had 19 spell levels left.
You knew the following spells:

 Your Spells              Type           Power      Damage    Failure   Level
a - Magic Dart            Conj           100%       1d8       0%          1
b - Searing Ray           Conj           100%       2d8       0%          2
c - Fulminant Prism       Conj/Hex       42%        3d20      1%          4
d - Flame Wave            Conj/Fire      92%        2d16      1%          4
e - Fireball              Conj/Fire      46%        3d18      1%          5
f - Lee's Rapid Deconstr  Erth           28%        3d16*     8%          5

Your spell library contained the following spells:

 Spells                   Type           Power      Damage    Failure   Level
 Foxfire                  Conj/Fire      100%       2x1d9     0%          1
 Animate Skeleton         Necr           56%        N/A       1%          1
 Pain                     Necr           100%       1d9       1%          1
 Summon Small Mammal      Summ           100%       N/A       1%          1
 Conjure Flame            Conj/Fire      92%        6-21      1%          3
 Dazzling Flash           Conj/Hex       100%       N/A       1%          3
 Inner Flame              Hex/Fire       78%        N/A       1%          3
 Summon Guardian Golem    Hex/Summ       53%        N/A       1%          3
 Iskenderun's Mystic Bla  Conj/Tloc      73%        2d15      1%          4
 Call Canine Familiar     Summ           28%        N/A       3%          3
 Gell's Gravitas          Tloc           28%        N/A       3%          3
 Teleport Other           Tloc           28%        N/A       3%          3
 Vampiric Draining        Necr           28%        2d8       3%          3
 Agony                    Necr           28%        N/A       32%         5
 Manifold Assault         Tloc           28%        N/A       32%         5
 Dispersal                Tloc           14%        N/A       87%         6


Dungeon Overview and Level Annotations

Branches:
Dungeon (13/15)            Temple (1/1) D:7            Lair (6/6) D:8
 Shoals (0/4) Lair:2       Spider (0/4) Lair:3        Slime (0/5) Lair:6
    Orc (2/2) D:12            Elf (0/3) Orc:2       Gauntlet (visited)
 Vaults: D:13-14

Altars:
Ashenzari
Cheibriados
Dithmenos
Elyvilon
Fedhas
Gozag
Hepliaklqana
Kikubaaqudgha
Makhleb
Nemelex Xobeh
Okawaru
Qazlal
Ru
Sif Muna
Trog
Uskayaw
Vehumet
Wu Jian
Xom
Yredelemnul
Zin
The Shining One
Beogh
Jiyva

Shops:
D:3 !*   D:12 (   Orc:2 [=*!!

Portals:
Pandemonium: Orc:2
Trove: D:11 (give horn of Geryon)

Annotations:
D:3 Jessica
D:5 1 runed translucent door, Edmund; Suckerboh's ghost, novice DDNe
Lair:5 2 transporters, Hairutzoic's ghost, journeyman MiBe
Orc:1 2 transporters, Kaxaet's ghost, journeyman MfVM


Innate Abilities, Weirdness & Mutations

You are mostly covered in large bone plates. (SH +6)
A weak demonic guardian rushes to your aid.
You regenerate health from kills.
You have a sharp stinger which inflicts weakening toxins.


Message History

Cheibriados appreciates the change of pace.
The flame wave engulfs the skeletal warrior!
The skeletal warrior is heavily damaged. (Press . to intensify the flame waves.)
You are no longer corroded.
The skeletal warrior hits you with a +0 broad axe!
The skeletal warrior hits your rust devil with a +0 broad axe!
Your rust devil completely misses the skeletal warrior.
Unknown command.
Okay, then.
Okay, then.
Okay, then.
Press: ? - help, v - describe, . - travel
Here: a skeletal warrior, wielding a +0 broad axe (heavily damaged, ally target)
The floor.
You fade into invisibility!
The skeletal warrior misses you.
The skeletal warrior completely misses your rust devil.
The skeletal warrior hits you with a +0 battleaxe!!
Your rust devil barely misses the skeletal warrior.
You block the skeletal warrior's attack.
The skeletal warrior hits your rust devil with a +0 broad axe.
Your rust devil hits the skeletal warrior.
Your rust devil corrodes the skeletal warrior!
The skeletal warrior closely misses you.
The skeletal warrior hits your rust devil with a +0 broad axe!
The skeletal warrior hits you with a +0 scimitar!
* * * LOW HITPOINT WARNING * * *
The skeletal warrior hits you with a +0 battleaxe!!
* * * LOW HITPOINT WARNING * * *
Your rust devil hits the skeletal warrior.
The skeletal warrior seems to be corroded for longer.
Okay, then.
You feel much better.
The skeletal warrior hits your rust devil with a +0 broad axe.
The skeletal warrior hits you with a +0 broad axe!
* * * LOW HITPOINT WARNING * * *
The skeletal warrior barely misses you.
The skeletal warrior hits you with a +0 battleaxe!
You die...

######### ########
........# #.....)###
........# #....zz'.#
........# #....@z#.## .
........# #.....4#..###
z.
........####......##...#
z..
..<.....'.##......####.##
z... ........#..#......#
#).# .....
....∩...##.'......#
##.#......
........####......#
#.......( ........#
####+### ###......
........# ......


You could see 3 skeletal warriors and a friendly rust devil (summoned).

Vanquished Creatures
  A minotaur (Gauntlet)
  Snorg (D:12)
  Josephine (Lair:4)
  A boulder beetle (Lair:6)
  Harold (D:9)
  Erolcha (D:11)
  2 demonspawn (Orc:2)
  9 hydras
  A catoblepas (Lair:6)
  5 death yaks
  2 two-headed ogres
  11 orc high priests (Orc:2)
  Nergalle (D:12)
  A sixfirhy (Gauntlet)
  2 skeletal warriors (D:13)
  Pikel (D:5)
  4 orc knights (Orc:2)
  A deep elf pyromancer (D:12)
  4 ugly things
  2 orc sorcerers
  A cyclops (D:12)
  3 oklob plants (Lair:6)
  3 elephants
  2 torpor snails (Lair:4)
  13 cane toads
  An eye of devastation (Gauntlet)
  5 black mambas
  3 unseen horrors
  Psyche (D:11)
  3 komodo dragons
  2 rime drakes
  A komodo dragon (shapeshifter) (D:13)
  2 ice devils (Orc:2)
  A red devil (Orc:2)
  A hellwing (Orc:2)
  4 trolls
  3 polar bears (Lair:6)
  4 slime creatures (D:13)
  Prince Ribbit (D:6)
  5 hornets (Lair:6)
  33 blink frogs
  22 dream sheep
  Sigmund (D:3)
  2 centaur simulacra (Gauntlet)
  11 spriggans (Lair:6)
  A jumping spider (Gauntlet)
  5 wraiths
  28 yaks
  2 wyverns
  Eustachio (D:5)
  8 basilisks
  A redback (Gauntlet)
  A steam dragon (D:8)
  A harpy simulacrum (Gauntlet)
  2 wargs
  An acid dragon (D:9)
  17 water moccasins
  Duvessa (D:6)
  2 floating eyes
  26 orc warriors
  An ice beast (D:6)
  3 black bears (Lair:6)
  2 necrophages
  2 ogres
  A hornet zombie (D:8)
  4 boggarts (Lair:6)
  8 centaurs
  27 wolves
  A lemure (D:5)
  Blork the orc (D:6)
  9 bullfrogs
  2 gnoll sergeants
  3 scorpions
  A water moccasin zombie (D:6)
  8 wights
  4 killer bees (D:9)
  3 howler monkeys
  10 electric eels
  4 centaur zombies
  A bullfrog zombie (D:7)
  7 hounds
  18 orc priests
  3 jellies
  3 centaur skeletons
  A bullfrog skeleton (D:5)
  2 iguanas
  Ijyb (D:4)
  13 orc wizards
  2 killer bee zombies
  2 hound skeletons (D:5)
  A mummy (D:8)
  15 gnolls
  A howler monkey skeleton (D:5)
  3 adders
  A shadow imp (D:5)
  5 white imps
  5 ufetubi
  5 worms
  12 dart slugs
  70 orcs
  11 ball pythons
  3 bats
  6 endoplasms
  2 giant cockroaches
  6 goblins
  7 hobgoblins
  13 jackals
  3 quokkas
  A frilled lizard (D:2)
  4 kobolds
  4 rats
  A bush (Lair:6)
  A fulminant prism (Lair:5)
604 creatures vanquished.

Vanquished Creatures (collateral kills)
  2 death yaks (Lair:4)
  An elephant (Lair:5)
  An orange demon (Orc:2)
  Maggie (D:6)
  6 blink frogs
  A spriggan (Lair:6)
  A yak (Lair:3)
  3 orc warriors (Orc:2)
  A sky beast (D:8)
  An ogre (D:5)
  A centaur (D:10)
  5 wolves
  A centaur skeleton (D:7)
  2 orc priests (Orc:2)
  A white imp (D:6)
  An orc (Orc:2)
29 creatures vanquished.

Vanquished Creatures (others)
  4 bushes (Lair:6)
  4 demonic plants (Gauntlet)
  149 fulminant prisms
  68 fungi
  93 plants
318 creatures vanquished.

Grand Total: 951 creatures vanquished

Notes
Turn   | Place    | Note
-------+----------+-------------------------------------------
     0 | D:1      | Asparus the Demonspawn Conjurer began the quest for the
                  | Orb.
     0 | D:1      | Reached XP level 1. HP: 13/13 MP: 3/3
   120 | D:1      | Gained mutation: You regenerate a little health from kills.
                  | [demonic ancestry]
   120 | D:1      | Reached XP level 2. HP: 11/20 MP: 3/5
   224 | D:1      | Learned a level 2 spell: Searing Ray
   264 | D:1      | Reached skill level 1 in Fighting
   352 | D:1      | Found a faded altar of an unknown god.
   486 | D:1      | Gained mutation: A weak demonic guardian rushes to your
                  | aid. [demonic ancestry]
   486 | D:1      | Reached XP level 3. HP: 26/26 MP: 1/6
  2345 | D:2      | Gained mutation: You are partially covered in large bone
                  | plates. (SH +4) [demonic ancestry]
  2345 | D:2      | Reached XP level 4. HP: 33/33 MP: 5/8
  2762 | D:3      | Noticed Jessica
  3011 | D:3      | Found Taschepso's Assorted Antiques.
  3017 | D:3      | Bought a scroll of identify for 44 gold pieces
  3017 | D:3      | Bought a scroll labelled JUESCH VAKHOBIU for 22 gold pieces
  3023 | D:3      | Noticed Sigmund
  3184 | D:3      | Found Igein's Distillery.
  3456 | D:3      | Killed Sigmund
  3457 | D:3      | Reached skill level 5 in Conjurations
  3457 | D:3      | Gained mutation: You are mostly covered in large bone
                  | plates. (SH +6) [demonic ancestry]
  3457 | D:3      | Reached XP level 5. HP: 33/41 MP: 0/10
  3457 | D:3      | Gained mutation: You have a small tail. [demonic ancestry]
  3457 | D:3      | Reached XP level 6. HP: 38/47 MP: 0/11
  3585 | D:3      | You fall into a shaft and drop 2 floors!
  3585 | D:5      | Entered Level 5 of the Dungeon
  3855 | D:4      | Learned a level 4 spell: Fulminant Prism
  4051 | D:4      | Reached skill level 1 in Hexes
  4051 | D:4      | Reached XP level 7. HP: 53/53 MP: 10/13
  4804 | D:4      | Noticed Ijyb
  4814 | D:4      | Killed Ijyb
  5096 | D:5      | Found a runed translucent door.
  5156 | D:5      | Noticed Pikel
  5156 | D:5      | Noticed Eustachio
  5175 | D:5      | Killed Pikel
  5176 | D:5      | Reached skill level 5 in Spellcasting
  5176 | D:5      | Reached XP level 8. HP: 57/61 MP: 5/15
  5187 | D:5      | Killed Eustachio
  5188 | D:5      | Reached skill level 5 in Fighting
  6064 | D:5      | Noticed Suckerboh's ghost (novice DDNe)
  6269 | D:6      | Found a hazy altar of Hepliaklqana.
  6540 | D:6      | Noticed Edmund
  7085 | D:6      | Gained mutation: You have a tail ending in a sharp stinger.
                  | [demonic ancestry]
  7085 | D:6      | Reached XP level 9. HP: 62/69 MP: 2/18
  7468 | D:6      | Noticed Blork the orc
  7477 | D:6      | Killed Blork the orc
  7638 | D:6      | Noticed Duvessa
  7644 | D:6      | Noticed Dowan
  7653 | D:6      | Killed Duvessa
  7654 | D:6      | Reached skill level 5 in Hexes
  7671 | D:6      | Noticed Dowan
  7671 | D:6      | Dowan changed into Dowan the howler monkey
  7692 | D:6      | Killed Dowan the howler monkey
  7755 | D:6      | Noticed Maggie
  7894 | D:6      | Noticed Prince Ribbit
  7902 | D:6      | Killed Prince Ribbit
  8431 | D:6      | Killed Maggie
  8839 | D:6      | Found a broken altar of Ashenzari.
 10202 | D:7      | Found a staircase to the Ecumenical Temple.
 10208 | Temple   | Entered the Ecumenical Temple
 10519 | D:7      | Found a hide-covered altar of Uskayaw.
 11118 | D:8      | Gained mutation: You have a sharp stinger which inflicts
                  | weakening toxins. [demonic ancestry]
 11118 | D:8      | Reached XP level 10. HP: 59/77 MP: 9/21
 11928 | D:8      | Found a staircase to the Lair.
 12208 | D:8      | Found an ornate altar of the Wu Jian Council.
 12216 | D:8      | Found a shimmering altar of Xom.
 12216 | D:8      | Found a shimmering altar of Xom.
 12216 | D:8      | Noticed a mana viper
 12216 | D:8      | Noticed an ettin
 12600 | D:8      | Noticed a shock serpent
 12601 | D:8      | Noticed a two-headed ogre
 12601 | D:8      | a shock serpent changed into a two-headed ogre
 12601 | D:8      | Noticed an iron dragon
 12637 | D:8      | Noticed a rockslime
 12642 | D:8      | Noticed a shining eye
 12878 | D:9      | Found a shimmering blue altar of Sif Muna.
 12878 | D:9      | Noticed a green ugly thing
 12888 | D:9      | Killed a green ugly thing
 13179 | D:9      | Noticed Harold
 13189 | D:9      | Killed Harold
 13390 | D:9      | Found a snail-covered altar of Cheibriados.
 13409 | D:9      | Became a worshipper of Cheibriados the Contemplative
 13992 | D:9      | Reached skill level 10 in Conjurations
 14195 | D:10     | Entered Level 10 of the Dungeon
 14237 | D:10     | Found a basalt altar of Yredelemnul.
 14530 | D:10     | Found a sparkling altar of Nemelex Xobeh.
 14968 | D:10     | Found a shadowy altar of Dithmenos.
 15452 | Lair:1   | Entered Level 1 of the Lair of Beasts
 15462 | Lair:1   | Identified the +2 spear "Qasan" {protect, rPois Str+4
                  | Dex-4}
 15486 | Lair:1   | Reached XP level 11. HP: 86/86 MP: 19/24
 15640 | Lair:1   | Learned a level 4 spell: Flame Wave
 15874 | Lair:1   | Reached skill level 1 in Invocations
 15980 | Lair:1   | Noticed a six-headed hydra
 15983 | Lair:1   | Reached * piety under Cheibriados
 15987 | Lair:1   | Reached skill level 1 in Fire Magic
 16212 | Lair:1   | Noticed a six-headed hydra
 16220 | Lair:1   | Killed a six-headed hydra
 16523 | Lair:1   | Noticed a five-headed hydra
 16530 | Lair:1   | Killed a five-headed hydra
 16774 | Lair:1   | Killed a six-headed hydra
 17559 | Lair:2   | Noticed a four-headed hydra
 17565 | Lair:2   | Killed a four-headed hydra
 17566 | Lair:2   | Reached skill level 10 in Spellcasting
 17566 | Lair:2   | Reached skill level 5 in Invocations
 17727 | Lair:2   | Reached ** piety under Cheibriados
 18963 | Lair:2   | Reached XP level 12. HP: 81/94 MP: 15/26
 19226 | Lair:2   | Found a staircase to the Shoals.
 20552 | Lair:3   | Found a hole to the Spider Nest.
 20731 | Lair:3   | Reached skill level 5 in Fire Magic
 21073 | Lair:3   | Noticed a seven-headed hydra
 21080 | Lair:3   | Killed a seven-headed hydra
 21080 | Lair:3   | Reached *** piety under Cheibriados
 21690 | Lair:4   | Noticed a seven-headed hydra
 21697 | Lair:4   | Killed a seven-headed hydra
 22447 | Lair:4   | Noticed Josephine
 22453 | Lair:4   | Killed Josephine
 22461 | Lair:4   | Reached skill level 10 in Fighting
 23203 | Lair:5   | Reached **** piety under Cheibriados
 23205 | Lair:5   | Reached XP level 13. HP: 76/103 MP: 13/28
 24863 | Lair:4   | Reached ***** piety under Cheibriados
 25189 | Lair:4   | HP: 1/106 [death yak[a torpor snail] (21)]
 26560 | Lair:5   | Noticed Hairutzoic's ghost (journeyman MiBe)
 26616 | Lair:5   | Found a transporter.
 26631 | Lair:5   | Reached skill level 1 in Armour
 26830 | Lair:5   | Identified the +4 trident "Qeth" {freeze, rElec Will+}
 27279 | D:11     | Noticed Erolcha
 27285 | D:11     | Killed Erolcha
 27599 | D:11     | Noticed Psyche
 27629 | D:11     | Killed Psyche
 27641 | D:11     | Reached skill level 1 in Polearms
 28108 | Lair:5   | Found a transporter.
 28128 | Lair:6   | Entered Level 6 of the Lair of Beasts
 28907 | Lair:6   | Found a viscous altar of Jiyva.
 28908 | Lair:6   | Found a staircase to the Slime Pits.
 29031 | Lair:6   | Reached XP level 14. HP: 54/115 MP: 6/30
 29442 | Lair:6   | Reached ****** piety under Cheibriados
 29976 | Lair:6   | Identified the +7 morningstar of Tilyna {flame, Stlth+}
 30408 | Lair:6   | Paralysed by a floating eye for 4 turns
 31958 | D:11     | Found a portal to a secret trove of treasure.
 32392 | D:12     | Reached skill level 1 in Shields
 32656 | D:12     | Noticed Snorg
 32742 | D:12     | Found Xoaraikk's Weapon Shoppe.
 32753 | D:12     | Killed Snorg
 33036 | D:12     | Found a staircase to the Orcish Mines.
 33085 | D:13     | Found a gate leading to a gauntlet.
 33089 | Gauntlet | Entered a Gauntlet
 33089 | Gauntlet | Found a transporter.
 33145 | Gauntlet | Found a transporter.
 33148 | Gauntlet | Found a transporter.
 33149 | Gauntlet | Found a transporter.
 33158 | Gauntlet | Found a transporter.
 33160 | Gauntlet | Found a transporter.
 33161 | Gauntlet | Found a transporter.
 33169 | Gauntlet | Found a transporter.
 33172 | Gauntlet | Found a transporter.
 33173 | Gauntlet | Found a transporter.
 33184 | Gauntlet | Found a transporter.
 33184 | Gauntlet | Found a transporter.
 33185 | Gauntlet | Found a transporter.
 33194 | Gauntlet | Found a transporter.
 33696 | Gauntlet | Paralysed by a floating eye for 4 turns
 34463 | Gauntlet | Got Hiun's Advanced Guide to Spellcraft
 34700 | Gauntlet | Learned a level 5 spell: Fireball
 34706 | Gauntlet | Learned a level 5 spell: Lee's Rapid Deconstruction
 35102 | Orc:1    | Entered Level 1 of the Orcish Mines
 35103 | Orc:1    | Noticed Nergalle
 35146 | D:12     | Killed Nergalle
 35469 | Orc:2    | Entered Level 2 of the Orcish Mines
 35699 | Orc:1    | Reached skill level 1 in Earth Magic
 36141 | Orc:2    | Found a staircase to the Elven Halls.
 36254 | Orc:1    | Found a transporter.
 36256 | Orc:1    | Found a transporter.
 36257 | Orc:1    | Noticed Kaxaet's ghost (journeyman MfVM)
 36258 | Orc:1    | Identified the +12 great mace "Demon's Curse" {freeze,
                  | rPois}
 36315 | Orc:2    | Found Curaq's Mass Market.
 36698 | Orc:2    | Found Mucui's Distillery.
 36830 | Orc:2    | Found Sacsooli's Distillery.
 36948 | Orc:2    | Bought a potion of heal wounds for 65 gold pieces
 36948 | Orc:2    | Bought a potion of curing for 39 gold pieces
 36948 | Orc:2    | Bought a potion of mutation for 104 gold pieces
 36950 | Orc:2    | Bought a potion of heal wounds for 55 gold pieces
 36950 | Orc:2    | Bought a potion of curing for 33 gold pieces
 36950 | Orc:2    | Bought a potion of curing for 33 gold pieces
 36950 | Orc:2    | Bought a potion of curing for 33 gold pieces
 36950 | Orc:2    | Bought a potion of ambrosia for 88 gold pieces
 36950 | Orc:2    | Bought a potion of curing for 33 gold pieces
 36950 | Orc:2    | Bought a potion of might for 44 gold pieces
 37822 | Orc:2    | Gained mutation: You regenerate health from kills. [demonic
                  | ancestry]
 37822 | Orc:2    | Reached XP level 15. HP: 117/120 MP: 17/32
 38004 | Orc:2    | Reached skill level 10 in Fire Magic
 38734 | Orc:2    | Found Ziaz's Jewellery Shop.
 38734 | Orc:2    | Found Zeufimu's Antique Armour Boutique.
 38735 | Orc:2    | Found a one-way gate leading to the halls of Pandemonium.
 38743 | Orc:2    | Bought the ring "Woolyix" {rPois rF+ rN+ Will- Str+7} for
                  | 712 gold pieces
 38743 | Orc:2    | Bought the ring "Lunootapn" {Ice *Corrode rN+ Str+3 Dex+8}
                  | for 751 gold pieces
 38743 | Orc:2    | Bought an amulet of magic regeneration for 420 gold pieces
 39373 | D:13     | Slain by a skeletal warrior

Illustrated notes

Levels and vault maps discovered:
D:1:      dpeg_arrival_more_subterranean_lakeside_camping, layout_basic,
          hellmonk_ecumenical_altar_pennies_from_heaven, grunt_decor_cap
D:2:      layout_basic
D:3:      layout_basic, serial_shops, shop_fountains, shop,
          hangedman_decor_growths, uniq_jessica, uniq_sigmund
D:4:      layout_basic, uniq_ijyb
D:5:      minmay_evil_eye, layout_cave_pools,
          mainiacjoe_overflow_six_doors_small, ebering_ghost_reflecting_pool,
          grunt_ministairs_4, chequers_serial_rivers_marsh,
          serial_park_tiny_pond, minmay_strange_pillars, uniq_eustachio,
          uniq_pikel
D:6:      layout_loops_ring, mainiacjoe_overflow_chevrons, kennysheep_mini_moat,
          nrook_pool_corridor, chequers_serial_rivers_room_b, uniq_duvessa,
          uniq_edmund, uniq_maggie, uniq_blork_the_orc, uniq_prince_ribbit1
D:7:      kennysheep_slugbush, layout_loops_ring, general_overflow_altar,
          minmay_temple_entry_trees
D:8:      layout_cave_pods, xom_shifter_show, pdpol_wu_jian_five_deadly_venoms,
          erik_lair_island, gup_ossuary_entry_pyramid
D:9:      layout_basic, cheibrodos_worm_habitat, mainiacjoe_overflow_24_doors,
          uniq_harold
D:10:     layout_irregular_city, mainiacjoe_overflow_boulevard,
          nemelex_spade_bored_becter, lemuel_crystal_altar, elyvilon_altar_3,
          minmay_misc_feat_rows
D:11:     layout_basic, enter_trove_0, uniq_psyche, uniq_erolcha
D:12:     layout_cross, orc_0_dummy, serial_shops, nicolae_shop_waterfront,
          uniq_snorg
D:13:     layout_roguey, serial_shops, nicolae_lakefront_shop,
          gauntlet_entry_generic
Temple:   dpeg_chambers_temple
Lair:1:   layout_hall_layers
Lair:2:   layout_hall_layers, shoals_dummy_entry, wad_woods_road_05,
          infiniplex_staircase_pool
Lair:3:   layout_hall_layers, spider_nest_entry_web_field
Lair:4:   layout_regular_city, infiniplex_staircase_pool_2, uniq_josephine
Lair:5:   layout_regular_city, gammafunk_ghost_hive
Lair:6:   minmay_lair_end_enchanted_forest, layout_layer_cave,
          dpeg_slime_entry_enclosed_altar, minmay_stone_trees_small,
          disabler_island
Orc:1:    layout_caves, serial_shops, gammafunk_ghost_smash, uniq_nergalle
Orc:2:    pf_orc_diabolical, layout_diamond_mine, minmay_shop_mass, mines1_david

Skill      XL: |  1  2  3  4  5  6  7  8  9 10 11 12 13 14 15 |
---------------+----------------------------------------------+-----
Dodging        | 2 |  2.0
Stealth        | 2 |  2.0
Fighting       | 1 3 4 6 8 10 12 | 12.0
Spellcasting   | 3 4 5 6 7 9 10 11 12 13 | 13.4
Conjurations   | 5 6 7 8 10 11 12 13 | 13.6
Hexes          | 1 3 4 6 |  6.0
Invocations    | 6 |  6.0
Fire Magic     | 4 6 8 9 10 | 10.0
Armour         | 2 4 |  4.0
Polearms       | 2 4 |  4.0
Shields        | 3 4 |  4.3
Earth Magic    | 2 3 |  3.5

Action                   |  1- 3 |  4- 6 |  7- 9 | 10-12 | 13-15 || total
-------------------------+-------+-------+-------+-------+-------++-------
Melee: Dagger            |    50 |    75 |   214 |       |       ||   339
       Tailslap          |       |     3 |    44 |    45 |   105 ||   197
       Punch             |       |     2 |     5 |     5 |    10 ||    22
       Hand axe          |       |       |    69 |   252 |    69 ||   390
       Trident           |       |       |       |       |   433 ||   433
Throw: Dart              |     1 |       |    11 |     1 |     4 ||    17
 Cast: Magic Dart        |    66 |    41 |   230 |   172 |   162 ||   671
       Searing Ray       |     4 |    17 |   106 |   223 |   175 ||   525
       Fulminant Prism   |       |       |     5 |    38 |   107 ||   150
       Flame Wave        |       |       |       |    13 |    91 ||   104
       Fireball          |       |       |       |       |    49 ||    49
       Lee's Rapid Decon |       |       |       |       |     4 ||     4
Evoke: Wand              |       |       |     6 |     1 |       ||     7
  Use: Scroll            |     3 |     7 |    10 |     8 |    14 ||    42
       Potion            |       |     2 |     1 |     1 |    12 ||    16
 Stab: Distracted        |       |       |       |     1 |       ||     1
       Invisible         |       |       |       |       |     2 ||     2
       Sleeping          |       |       |       |       |     4 ||     4
Armor: Leather armour    |    15 |    21 |    88 |       |       ||   124
       Skin              |       |    97 |       |       |       ||    97
       Acid dragon scale |       |       |    35 |   197 |   250 ||   482
Dodge: Dodged            |    41 |    40 |   177 |   264 |   395 ||   917
Block: Other             |       |    11 |    99 |   211 |   501 ||   822
       Reflection        |       |       |       |     2 |    12 ||    14
